 Dungeon Crawl Stone Soup version 0.16-a0-3544-gf6bfca6 (webtiles) character file.

214 Minkie the Slasher (level 5, 0/34 HPs)
             Began as a High Elf Skald on Jan 9, 2015.
             Slain by a worker ant (4 damage)
             ... on level 3 of the Dungeon.
             The game lasted 00:16:31 (4493 turns).

Minkie the Slasher (High Elf Skald)                 Turns: 4493, Time: 00:16:31

Health: 0/34       AC:  7    Str: 12    XL:     5   Next: 60%
Magic:  12/12      EV:  9    Int: 15    God:
Gold:   172        SH:  3    Dex: 15    Spells: 2 memorised, 4 levels left

rFire  . . .     SeeInvis .     a - +0 falchion
rCold  . . .     Clarity  +     e - +0 ring mail
rNeg   . . .     SustAb   .     o - +0 buckler
rPois  .         Gourm    .     t - +0 helmet
rElec  .         Spirit   .     (no cloak)
rCorr  .         Warding  .     (no gloves)
rMut   .         Stasis   .     j - +0 pair of boots {Stlth+}
MR     .....                    (no amulet)
Stlth  ++........               (no ring)
                                q - ring of teleport control

@: lethally poisoned, not resistant to hostile enchantments, unstealthy
A: clarity, wild magic 1
a: Evoke Teleport Control


You were on level 3 of the Dungeon.
You were not hungry.

You visited 1 branch of the dungeon, and saw 4 of its levels.

You collected 172 gold pieces.

Inventory:

Hand weapons
 a - a +0 falchion (weapon)
Armour
 e - a +0 ring mail (worn)
 j - a +0 pair of boots of stealth (worn)
 o - a +0 buckler (worn)
 t - a +0 helmet (worn)
Jewellery
 q - a ring of teleport control (left hand)
Scrolls
 b - a scroll of enchant armour {unknown}
 g - 4 scrolls of remove curse {unknown}
 i - a scroll of blinking {unknown}
 l - 2 scrolls of teleportation {unknown}
 m - a scroll of identify {unknown}
 n - a scroll of recharging {unknown}
Books
 c - a book of Battle

   Spells                             Type                      Level
   a - Infusion                       Charms                       1
   b - Shroud of Golubria             Charms/Translocation         2
   c - Song of Slaying                Charms                       2
   d - Spectral Weapon                Hexes/Charms                 3
   e - Regeneration                   Charms/Necromancy            3
Comestibles
 d - a bread ration
 h - a royal jelly
 p - a beef jerky
 r - a meat ration
 s - 3 fruits
 u - 3 chunks of flesh


   Skills:
 - Level 2.0 Fighting
 + Level 7.1 Long Blades
 - Level 0.8 Armour
 - Level 1.1 Dodging
 - Level 2.4 Spellcasting
 - Level 3.6 Charms


You had 4 spell levels left.
You knew the following spells:

 Your Spells              Type           Power        Failure   Level  Hunger
a - Infusion              Chrm           ###...       34%         1    #......
b - Regeneration          Chrm/Necr      ##........   98%         3    ###....


Dungeon Overview and Level Annotations

Branches:
Dungeon (4/15)
 Temple: D:4-7

Altars:
Gozag

Annotations:
D:3 aori's ghost, average HEWn


Innate Abilities, Weirdness & Mutations

You possess an exceptional clarity of mind.
Your spells are a little harder to cast, but a little more powerful.


Message History

The worker ant bites you but does no damage.
The worker ant bites you!
* * * LOW HITPOINT WARNING * * *
You hit the worker ant but do no damage.
The worker ant is heavily wounded.
You feel less invigorated.
You feel less confused.
You feel sick. The worker ant bites you.
You barely miss the worker ant.
The worker ant is heavily wounded.
The worker ant bites you.
You closely miss the worker ant.
The worker ant is heavily wounded.
You feel sick. The worker ant bites you.
* * * LOW HITPOINT WARNING * * *
You hit the worker ant but do no damage.
The worker ant is heavily wounded.
* * * LOW HITPOINT WARNING * * *
You feel sick. The worker ant bites you.
You die...

....o.####.# #.##......#
#.#######.# #. #.# #(# #.#
#.# #.# #.# #.# #####.#
###.####>###...รท.########
#.....#...##.#..........#
#.........a@...#.######.#
#....................##.#
#.#
#.....##.###.###.###.##.#
#.# #.......## #.#
#.###.##.# #.# ###.###.#
#.# #.....##.# #.# #.# #.#
#.# #####.##.# #.# #.# #.#
#.# #.##.# #.# #.#
#.####.## #)...#### #.#
#.# #.......######........


You could see a worker ant.

Vanquished Creatures
  An orc priest (D:3)
  Ijyb (D:2)
  Robin (D:3)
  2 adders
  3 gnolls (D:2)
  A worm (D:3)
  5 giant geckos
  2 orcs
  A ball python (D:3)
  2 giant cockroaches (D:1)
  23 goblins
  6 hobgoblins
  15 jackals
  7 kobolds
  2 quokkas (D:2)
  14 bats
  6 giant newts
  9 rats
101 creatures vanquished.

Notes
Turn   | Place    | Note
--------------------------------------------------------------
     0 | D:1      | Minkie, the High Elf Skald, began the quest for the Orb.
     0 | D:1      | Reached XP level 1. HP: 14/14 MP: 4/4
   532 | D:1      | Reached XP level 2. HP: 9/19 MP: 6/6
  1195 | D:1      | Reached skill level 4 in Long Blades
  1551 | D:1      | Reached XP level 3. HP: 24/24 MP: 8/8
  1556 | D:1      | Learned a level 3 spell: Regeneration
  2241 | D:2      | Reached skill level 5 in Long Blades
  2596 | D:2      | Reached XP level 4. HP: 22/29 MP: 11/11
  2822 | D:2      | Noticed Ijyb
  2868 | D:2      | Killed Ijyb
  3045 | D:3      | Reached skill level 6 in Long Blades
  3415 | D:3      | Found an opulent altar of Gozag.
  3454 | D:3      | Noticed Robin
  3472 | D:3      | Killed Robin
  3472 | D:3      | Reached XP level 5. HP: 26/34 MP: 12/12
  3910 | D:3      | Noticed aori's ghost (average HEWn)
  4439 | D:3      | Reached skill level 7 in Long Blades
  4486 | D:3      | Gained mutation: You possess an exceptional clarity of mind. [potion of mutation]
  4486 | D:3      | Gained mutation: Your spells are a little harder to cast, but a little more powerful. [potion of mutation]
  4493 | D:3      | Slain by a worker ant

Action                   |  1- 3 |  4- 6 || total
-------------------------+-------+-------++-------
Melee: Falchion          |   215 |   218 ||   433
  Use: Potion            |       |     2 ||     2
 Stab: Sleeping          |       |     3 ||     3
  Eat: Chunk             |     5 |     7 ||    12
